 Dungeon Crawl Stone Soup version 0.32-a0-870-g877066f4b4 (webtiles) character file.

Game seed: 9990763030085909087

135276 Amplified the Fighter (level 16, -3/133 HPs)
             Began as a Demonspawn Wanderer on Mar 27, 2024.
             Was an Initiate of Gozag.
             Slain by Agnes
             ... wielding a +0 lajatang of distortion
              (19 damage)
             ... on level 15 of the Dungeon on Mar 29, 2024.
             The game lasted 00:59:35 (24664 turns).

Amplified the Fighter (Demonspawn Wanderer)        Turns: 24664, Time: 00:59:36

Health: -3/133     AC: 24    Str: 14    XL:     16   Next: 41%
Magic:  16/16      EV: 28    Int: 15    God:    Gozag
Gold:   947        SH:  0    Dex: 27    Spells: 12/15 levels left

rFire   + + +        f - +4 lajatang (vamp)
rCold   + + +        (shield currently unavailable)
rNeg    + . .        w - +7 scale mail of the Dice {^Drain rC+++ rN+ Dex+3}
rPois   .            (helmet unavailable)
rElec   .            G - +2 cloak "Kakymep" {rCorr Int+3 Dex+4}
rCorr   +            u - +2 pair of gloves
SInv    +            l - +2 pair of slick slippers {slick, slippery, EV+4}
Will    +....        L - amulet "Juadohih" {rC+ RegenMP+ Int+4 Dex-5} Stlth *+++++++++
                     a - ring "Pitoyng" {rF+++ rCorr Int-3 Dex-2 SInv}
HPRegen 0.42/turn    C - +4 ring of slaying
MPRegen 0.55/turn

%: no passive effects
@: agile, lethally poisoned (-3 -> -24), about to teleport, wreathed by umbra
A: horns 3, thin skeletal structure 3, powered by pain 1, foul shadow 2
a: Renounce Religion, Potion Petition, Call Merchant, Bribe Branch


You were on level 15 of the Dungeon.
You worshipped Gozag.
Gozag was pleased with you.
You visited 4 branches of the dungeon, and saw 23 of its levels.
You also visited: Ice Cave.

You collected 8956 gold pieces.
You spent 1539 gold pieces at shops.
You paid 6470 gold pieces to Gozag.

Inventory:

Hand Weapons
 b - a +0 short sword of electrocution
 f - a +4 vampiric lajatang (weapon)
 o - a +2 triple crossbow of freezing
Missiles
 c - 2 throwing nets (quivered)
 g - 154 stones
 D - 28 poisoned darts
Armour
 l - the +2 pair of slick slippers (worn) {slick, slippery, EV+4}
   (You bought it in a shop on level 2 of the Orcish Mines)

   Slick:     Its wearer cannot be constricted, engulfed, netted, webbed, or
   stopped by binding sigils.
   Slippery:  Its wearer slips away from damaging melee attacks, pulling the
   attacker onward.
   EV+4:      It affects your evasion (+4).
 u - a +2 pair of gloves (worn)
 w - the +7 scale mail of the Dice (worn) {^Drain rC+++ rN+ Dex+3}
   (You took it off a death knight on level 13 of the Dungeon)

   Dex+3:     It affects your dexterity (+3).
   rC+++:     It renders you almost immune to cold.
   rN+:       It protects you from negative energy.
   ^Drain:    It drains your maximum health when unequipped.
 G - the +2 cloak "Kakymep" (worn) {rCorr Int+3 Dex+4}
   (You bought it in a shop on level 11 of the Dungeon)

   Int+3:     It affects your intelligence (+3).
   Dex+4:     It affects your dexterity (+4).
   rCorr:     It protects you from acid and corrosion.
 P - +3 gold dragon scales
Jewellery
 a - the ring "Pitoyng" (left hand) {rF+++ rCorr Int-3 Dex-2 SInv}
   (You took it off a yaktaur on level 12 of the Dungeon)

   [ring of resist corrosion]

   Int-3:     It affects your intelligence (-3).
   Dex-2:     It affects your dexterity (-2).
   rF+++:     It renders you almost immune to fire.
   SInv:      It lets you see invisible.
   rCorr:     It protects you from acid and corrosion.
 r - a ring of protection from cold
 x - a ring of willpower
 B - a ring of flight
 C - a +4 ring of slaying (right hand)
 J - the ring of Vout {rPois Will+ Int-4 Dex+3 SInv}
   (You took it off a deep elf pyromancer on level 12 of the Dungeon)

   [ring of willpower]

   Int-4:     It affects your intelligence (-4).
   Dex+3:     It affects your dexterity (+3).
   rPois:     It protects you from poison.
   Will+:     It increases your willpower.
   SInv:      It lets you see invisible.
 K - the ring of Miniged {rN++ Int+6 Dex-4}
   (You took it off an ogre mage on level 12 of the Dungeon)

   [ring of intelligence]

   Int+6:     It affects your intelligence (+6).
   Dex-4:     It affects your dexterity (-4).
   rN++:      It greatly protects you from negative energy.
 L - the amulet "Juadohih" (around neck) {rC+ RegenMP+ Int+4 Dex-5}
   (You found it on level 12 of the Dungeon)

   [amulet of magic regeneration]

   It increases your rate of magic regeneration.
   Int+4:     It affects your intelligence (+4).
   Dex-5:     It affects your dexterity (-5).
   rC+:       It protects you from cold.
   RegenMP+:  It increases your rate of magic regeneration.
 R - a ring of protection from cold
Wands
 h - a wand of polymorph (20)
 k - a wand of mindburst (14)
 m - a wand of digging (6)
 n - a wand of flame (37)
 v - a wand of iceblast (7)
 z - a wand of quicksilver (16)
 S - a wand of paralysis (8)
Scrolls
 d - a scroll of immolation
 i - 5 scrolls of teleportation
 j - 5 scrolls of amnesia
 s - a scroll of brand weapon
 t - 6 scrolls of identify
 y - a scroll of fog
 A - a scroll of noise
 F - 3 scrolls of vulnerability
 T - a scroll of poison
 U - a scroll of revelation
Potions
 e - a potion of lignification
 q - 3 potions of brilliance
 I - 3 potions of mutation
 M - 2 potions of curing
 N - a potion of magic
Miscellaneous
 H - a box of beasts
 O - a phantom mirror
 Q - a lightning rod (4/4)


   Skills:
 * Level 14.1 Fighting
 - Level 1.0 Short Blades
 - Level 14.0 Staves
 - Level 2.7 Ranged Weapons
 + Level 10.6 Armour
 * Level 13.9 Dodging
 - Level 12.6 Stealth


You had 12 spell levels left.
You knew the following spells:

 Your Spells              Type           Power      Damage    Failure   Level
a - Confusing Touch       Hex            0%         N/A       95%         3

Your spell library contained the following spells:

 Spells                   Type           Power      Damage    Failure   Level
 Apportation              Tloc           0%         N/A       65%         1
 Kiss of Death            Conj/Necr      0%         2d5       65%         1
 Shock                    Conj/Air       0%         1d3       65%         1
 Slow                     Hex            0%         N/A       65%         1
 Sting                    Conj/Alch      0%         1d3       65%         1
 Jinxbite                 Hex            0%         N/A       78%         2
 Scorch                   Fire           0%         2d5       78%         2
 Static Discharge         Conj/Air       0%         3-3/arc   78%         2
 Frozen Ramparts          Ice            0%         1d1       95%         3
 Ozocubu's Armour         Ice            0%         N/A       95%         3
 Swiftness                Air            0%         N/A       95%         3
 Vampiric Draining        Necr           0%         2d6       95%         3
 Airstrike                Air            0%         2d(0-16)  100%        4
 Dispel Undead            Necr           0%         3d6       100%        4
 Summon Lightning Spire   Summ/Air       0%         N/A       100%        4
 Alistair's Intoxication  Alch           0%         N/A       100%        5
 Metabolic Englaciation   Hex/Ice        0%         N/A       100%        5
 Yara's Violent Unravell  Hex/Alch       0%         3d3       100%        5
 Enfeeble                 Hex            0%         N/A       100%        7
 Orb of Destruction       Conj           0%         9d5       100%        7
 Ozocubu's Refrigeration  Ice            0%         4d7       100%        7
 Maxwell's Capacitive Co  Air            0%         ∞         100%        8


Dungeon Overview and Level Annotations

Branches:
Dungeon (15/15)            Temple (1/1) D:6            Lair (5/5) D:11
  Swamp (0/4) Lair:2        Snake (0/4) Lair:2        Slime (0/5) Lair:5
    Orc (2/2) D:10            Elf (0/3) Orc:2        Vaults (0/5) D:13
 Depths (0/4) D:15          IceCv (visited)

Altars:
Ashenzari
Cheibriados
Dithmenos
Fedhas
Gozag
Hepliaklqana
Kikubaaqudgha
Makhleb
Nemelex Xobeh
Okawaru
Qazlal
Ru
Sif Muna
Trog
Uskayaw
Vehumet
Wu Jian
Xom
Yredelemnul
Jiyva
Lugonu

Shops:
D:3 !*[?   D:11 [   D:13 *   Orc:2 [=:[=*=:

Portals:
Abyss: Lair:5

Annotations:
D:1 THINK!
D:3 Notright
D:8 7 runed translucent doors, mertasd123's ghost, novice CoWr
D:11 2 transporters, onwiheg's ghost, journeyman FoFi
D:15 Try gem, Agnes


Innate Abilities, Weirdness & Mutations

You have a pair of large horns on your head.
You have an unnaturally thin skeletal structure. (Dex +6, Stealth+++)
You sometimes gain a little power by taking damage.
You are shadowed, sometimes releasing foul flame when damaged in melee.


Message History

You slice Agnes!! Your headbutt misses Agnes.
Agnes is severely wounded.
You are engulfed in poison gas.
You are more poisoned.
You feel very sick. Agnes closely misses you.
Unknown command.
You barely miss Agnes. Your headbutt misses Agnes.
Agnes is severely wounded.
You are engulfed in poison gas.
You are more poisoned.
You feel extremely sick. Agnes misses you.
Unknown command.
You slash Agnes!
You feel better.
Agnes is almost dead.
You are engulfed in poison gas.
You are more poisoned.
You feel extremely sick.
Agnes hits you with a +0 lajatang of distortion.
You slip backwards!
Space warps horribly around you!!
Agnes is poisoned.
Agnes hits you but does no damage. Space warps around you.
You feel better.
You are engulfed in poison gas.
You are poisoned.
You feel very sick.
Agnes looks even sicker.
Agnes hits you with a +0 lajatang of distortion!!
* * * LOW HITPOINT WARNING * * *
You focus on the pain.
You feel agile all of a sudden.
You slip backwards!
Space warps around you.
* * * LOW HITPOINT WARNING * * *
As you read the scroll of teleportation, it crumbles to dust.
You feel strangely unstable.
You are engulfed in poison gas.
You are more poisoned.
* * * LOW HITPOINT WARNING * * *
x2 You feel extremely sick.
Agnes looks even sicker.
Agnes hits you with a +0 lajatang of distortion!!
You die...
Agnes says, "May you follow the Path of Peace in your next life."
Your body crumbles into a pile of gold.

#...####### #..)# #..
#.........#####.).####..
#####................)).....
#......<................[...
#.###################..)....
#.# #.)..... #.# #.......
#.###################.......
#......§§§§@i§..§§§..D.O....
#.########################..
#.# .. #.# i.
#.########################..
#...........................
#..........................O
#.........##### #......O....
#.........# #..######...


You could see Agnes (very poisoned).

Vanquished Creatures
  Gastronok (Lair:3)
  A fire giant (D:15)
  A white draconian (IceCv)
  A vampire knight (D:13)
  Fannar (Lair:2)
  Harold (Lair:1)
  8 vault guards (D:13)
  6 centaur warriors
  5 ogre magi
  5 hydras
  2 catoblepae
  2 boulder beetles (D:13)
  19 two-headed ogres
  2 death knights (D:13)
  2 tengu warriors (D:13)
  3 thrashing horrors (Lair:5)
  3 skysharks
  A fire crab (Lair:4)
  5 skeletal warriors
  An arcanist (D:15)
  A spectral wolf spider (D:13)
  A lindwurm (Lair:5)
  2 orc knights
  3 necromancers
  A large abomination (Lair:5)
  A cyclops (D:13)
  3 deep elf pyromancers
  A spectral ice dragon (D:13)
  19 ugly things
  A meliai (D:12)
  2 manticores (D:12)
  A spectral centaur (D:13)
  2 centaur zombies (D:13)
  A torpor snail (Lair:1)
  17 elephants
  3 kobold blastminers
  2 ice statues (IceCv)
  7 black mambas
  2 smoke demons (Lair:5)
  A gargoyle (D:8)
  A cane toad (shapeshifter) (D:12)
  5 cane toads
  2 centaur skeletons (D:13)
  An efreet (D:13)
  12 freezing wraiths
  An unseen horror (D:11)
  9 komodo dragons
  3 kobold demonologists (D:14)
  12 rime drakes
  5 yaktaurs
  2 trolls (Orc:1)
  A hornet (D:8)
  A polar bear (Lair:4)
  5 wolf spider simulacra (D:13)
  4 raiju (Lair:5)
  36 blink frogs
  A tyrant leech (Lair:2)
  Prince Ribbit (Lair:3)
  24 slime creatures
  21 dream sheep
  A centaur simulacrum (D:13)
  A jumping spider (D:15)
  4 shadows
  A water elemental (D:14)
  3 wyverns
  4 wraiths
  A spriggan (Lair:5)
  3 vampires
  A ynoxinul (Lair:5)
  24 yaks
  9 basilisks
  7 vampire mosquitoes
  3 chaos spawn (Lair:5)
  4 nagas (Lair:2)
  2 swamp worms (Lair:2)
  2 acid dragons
  19 water moccasins
  6 hell hounds (D:13)
  4 black bears
  An ice dragon simulacrum (D:13)
  8 ice beasts
  20 orc warriors
  A laughing skull (D:13)
  27 ogres
  11 wolves
  20 centaurs
  A phantom (D:5)
  A weeping skull (D:13)
  5 kobold brigands
  2 gnoll sergeants
  15 bullfrogs
  11 small abominations (Lair:5)
  8 wights
  3 lindwurm simulacra (IceCv)
  51 killer bees
  2 electric eels (Lair:1)
  A howler monkey (D:10)
  7 komodo dragon simulacra (IceCv)
  18 orc priests
  5 jellies
  3 hounds
  A spectral boggart (D:13)
  2 gnoll boudas
  A sleepcap (D:6)
  A boggart zombie (D:13)
  2 iguanas
  17 orc wizards
  A boggart simulacrum (D:13)
  11 gnolls
  5 acid dragon simulacra (IceCv)
  8 adders
  2 shadow imps
  2 ufetubi (D:7)
  6 steam dragon simulacra (IceCv)
  A ribbon worm (D:5)
  3 dart slugs
  69 orcs
  6 ball pythons
  5 bats
  8 endoplasms
  2 giant cockroaches (D:1)
  5 goblins
  12 hobgoblins
  9 jackals
  2 quokkas
  4 frilled lizards
  19 kobolds
  8 rats
820 creatures vanquished.

Vanquished Creatures (others)
  An ogre mage (D:12)
  A cyclops (D:12)
  A small abomination (Lair:5)
  A basilisk (D:12)
  A spectral orc (D:13)
5 creatures vanquished.

Grand Total: 825 creatures vanquished

Notes
Turn   | Place    | Note
-------+----------+-------------------------------------------
     0 | D:1      | Amplified the Demonspawn Wanderer began the quest for the
                  | Orb.
     0 | D:1      | Amplified set off with the following items: a +2 sling, a
                  | +0 short sword, a +0 cloak, a scroll of blinking, a +0
                  | robe.
     0 | D:1      | Reached XP level 1. HP: 15/15 MP: 1/1
    40 | D:1      | Identified a scroll of acquirement
    40 | D:1      | Acquired a +2 vampiric lajatang
    66 | D:1      | Gained mutation: You are faintly shadowed, very rarely
                  | releasing foul flame when damaged in melee. [demonic
                  | ancestry]
    66 | D:1      | Reached XP level 2. HP: 21/21 MP: 2/2
    78 | D:1      | Reached skill level 1 in Staves
   261 | D:1      | Gained mutation: You are shadowed, sometimes releasing foul
                  | flame when damaged in melee. [demonic ancestry]
   261 | D:1      | Reached XP level 3. HP: 27/27 MP: 3/3
  1176 | D:2      | Found an ornate altar of the Wu Jian Council.
  1440 | D:3      | Found Pucwah's Distillery.
  1443 | D:3      | Found Odiyrch's Assorted Antiques.
  1451 | D:3      | Bought a scroll labelled XULETHRIERU for 17 gold pieces
  1451 | D:3      | Bought a scroll labelled AZXUEL UCOURONI for 17 gold pieces
  1451 | D:3      | Bought a ruby potion for 15 gold pieces
  1451 | D:3      | Bought a murky silvery potion for 15 gold pieces
  1460 | D:3      | Bought a potion of curing for 36 gold pieces
  1653 | D:3      | Reached XP level 4. HP: 29/33 MP: 2/4
  1682 | D:3      | Found Faucziesch's Antique Armour Boutique.
  1706 | D:3      | Found a blossoming altar of Fedhas.
  1758 | D:3      | Found Baps's Magic Scroll Boutique.
  2396 | D:4      | Gained mutation: You have a somewhat thin skeletal
                  | structure. (Dex +2, Stealth+) [demonic ancestry]
  2396 | D:4      | Reached XP level 5. HP: 40/40 MP: 5/5
  2457 | D:4      | Noticed an ogre
  2581 | D:4      | Noticed an orc warrior
  2608 | D:4      | Killed an orc warrior
  2609 | D:4      | Gained mutation: You have a moderately thin skeletal
                  | structure. (Dex +4, Stealth++) [demonic ancestry]
  2609 | D:4      | Reached XP level 6. HP: 12/48 MP: 1/6
  2987 | D:4      | Identified the +2 dagger of Bread {venom, rElec rF++ Dex-3
                  | Stlth+}
  3053 | D:5      | Entered Level 5 of the Dungeon
  3225 | D:5      | Reached skill level 5 in Staves
  3356 | D:5      | Gained mutation: You have a pair of small horns on your
                  | head. [demonic ancestry]
  3356 | D:5      | Reached XP level 7. HP: 49/54 MP: 5/7
  4682 | D:6      | Reached XP level 8. HP: 61/61 MP: 8/8
  5058 | D:6      | Found a staircase to the Ecumenical Temple.
  5088 | Temple   | Entered the Ecumenical Temple
  5095 | Temple   | Became a worshipper of Gozag Ym Sagoz the Greedy
  5540 | D:7      | Gained mutation: You have an unnaturally thin skeletal
                  | structure. (Dex +6, Stealth+++) [demonic ancestry]
  5540 | D:7      | Reached XP level 9. HP: 54/67 MP: 9/9
  6519 | D:8      | Found a large runed translucent door.
  6519 | D:8      | Found a large runed translucent door.
  6526 | D:8      | Noticed a deep elf pyromancer
  6527 | D:8      | Noticed a centaur warrior
  6641 | D:8      | Found a shadowy altar of Dithmenos.
  6661 | D:8      | Reached skill level 5 in Dodging
  6794 | D:8      | Found a runed translucent gate.
  6794 | D:8      | Found a runed translucent gate.
  6794 | D:8      | Found a runed translucent gate.
  6795 | D:8      | Noticed mertasd123's ghost (novice CoWr)
  6931 | D:9      | Noticed a two-headed ogre
  6942 | D:9      | Killed a two-headed ogre
  6943 | D:9      | Reached skill level 10 in Staves
  7021 | D:9      | Gained mutation: You have a pair of horns on your head.
                  | [demonic ancestry]
  7021 | D:9      | Reached XP level 10. HP: 62/73 MP: 7/10
  7259 | D:10     | Entered Level 10 of the Dungeon
  7301 | D:10     | Identified the +2 robe of Naboutep {rC+ Int+4 Stlth-}
  7334 | D:10     | Found a staircase to the Orcish Mines.
  7583 | D:12     | Noticed a deep elf pyromancer
  7589 | D:12     | Killed a deep elf pyromancer
  7752 | D:11     | Found a transporter.
  7753 | D:11     | Noticed onwiheg's ghost (journeyman FoFi)
  7771 | D:11     | Noticed a brown ugly thing
  7786 | D:11     | Found a transporter.
  7803 | D:11     | Killed a brown ugly thing
  7872 | D:11     | Reached XP level 11. HP: 78/78 MP: 11/11
  8013 | D:11     | Found a staircase to the Lair.
  8169 | D:13     | Noticed a vault guard
  8170 | D:13     | Noticed a vault guard
  8172 | D:13     | Noticed a brown ugly thing
  8175 | D:13     | Noticed a necromancer
  8175 | D:13     | Noticed a necromancer
  8176 | D:13     | Noticed a tengu warrior
  8177 | D:13     | Noticed a vault guard
  8178 | D:13     | Noticed a boulder beetle
  8475 | D:14     | Noticed a centaur warrior
  8490 | D:14     | Killed a centaur warrior
  8491 | D:14     | Reached skill level 5 in Armour
  8530 | D:15     | Entered Level 15 of the Dungeon
  8537 | D:15     | Upgraded the game from 0.32-a0-842-gbbb8fdbe59 to
                  | 0.32-a0-861-g165e151e72
  8537 | D:15     | Noticed a centaur warrior
  8591 | D:15     | Noticed a five-headed hydra
  8591 | D:15     | Noticed a two-headed ogre
  8591 | D:15     | Noticed a two-headed ogre
  8591 | D:15     | Noticed a two-headed ogre
  8592 | D:15     | Noticed Agnes
  8592 | D:15     | Noticed an ogre mage
  8622 | D:15     | Killed a two-headed ogre
  8824 | D:12     | Noticed a two-headed ogre
  8906 | D:12     | Killed a two-headed ogre
  9690 | D:7      | Found a hide-covered altar of Uskayaw.
  9831 | D:8      | Found a large runed translucent door.
  9835 | D:8      | Found a large runed translucent door.
 10194 | D:8      | Reached skill level 5 in Fighting
 10196 | D:8      | Identified the amulet "Nuur Saxt" {Harm +Blink rPois
                  | RegenMP+ Str-5}
 10317 | D:8      | Found a viscous altar of Jiyva.
 11148 | D:11     | Noticed a deep elf pyromancer
 11155 | D:11     | Killed a deep elf pyromancer
 11249 | D:11     | Got the Encyclopedia of Glowing Refrigeration
 11504 | D:12     | Reached XP level 12. HP: 87/87 MP: 10/12
 11766 | D:12     | Found a runed translucent door.
 11766 | D:12     | Found a runed translucent door.
 11799 | D:12     | Noticed a centaur warrior
 11806 | D:12     | Identified the amulet "Juadohih" {rC+ RegenMP+ Int+4 Dex-5}
 11806 | D:12     | Noticed an ogre mage
 11807 | D:12     | Identified the ring of Vout {rPois Will+ Int-4 Dex+3 SInv}
 11809 | D:12     | Killed an ogre mage
 11811 | D:12     | Identified the ring of Miniged {rN++ Int+6 Dex-4}
 11811 | D:12     | Noticed an ogre mage
 11981 | D:12     | Identified the ring "Pitoyng" {rF+++ rCorr Int-3 Dex-2
                  | SInv}
 12021 | D:12     | Killed a centaur warrior
 12042 | D:12     | Killed an ogre mage
 12268 | D:11     | Bought the +2 cloak "Kakymep" {rCorr Int+3 Dex+4} for 710
                  | gold pieces
 12349 | Orc:1    | Entered Level 1 of the Orcish Mines
 12541 | Orc:1    | Reached skill level 5 in Stealth
 12854 | Orc:1    | Learned a level 3 spell: Confusing Touch
 12885 | Orc:2    | Entered Level 2 of the Orcish Mines
 12885 | Orc:2    | Found a staircase to the Elven Halls.
 13090 | Orc:2    | Noticed a two-headed ogre
 13121 | Orc:1    | Killed a two-headed ogre
 13126 | Orc:2    | Noticed a two-headed ogre
 13129 | Orc:2    | Noticed a two-headed ogre
 13225 | Orc:1    | Killed a two-headed ogre
 13229 | Orc:1    | Killed a two-headed ogre
 13295 | Orc:2    | Noticed an ogre mage
 13318 | Orc:2    | Noticed a two-headed ogre
 13325 | Orc:2    | Killed an ogre mage
 13335 | Orc:2    | Killed a two-headed ogre
 13357 | Orc:2    | Noticed a two-headed ogre
 13367 | Orc:2    | Noticed a two-headed ogre
 13374 | Orc:2    | Killed a two-headed ogre
 13375 | Orc:2    | Gained mutation: You sometimes gain a little power by
                  | taking damage. [demonic ancestry]
 13375 | Orc:2    | Reached XP level 13. HP: 61/98 MP: 8/13
 13387 | Orc:2    | Paralysed by an ogre mage for 3 turns
 14340 | Orc:1    | Reached skill level 10 in Dodging
 14435 | Lair:1   | Entered Level 1 of the Lair of Beasts
 14689 | Lair:2   | Noticed Fannar
 14728 | Lair:2   | Killed Fannar
 14787 | Lair:2   | Found a staircase to the Snake Pit.
 15023 | Lair:4   | Reached skill level 10 in Fighting
 15378 | Lair:4   | Found a frozen archway.
 15396 | IceCv    | Entered an ice cave
 15486 | IceCv    | Reached XP level 14. HP: 102/110 MP: 14/14
 15862 | Lair:5   | Entered Level 5 of the Lair of Beasts
 16102 | Lair:5   | Found a corrupted altar of Lugonu.
 16102 | Lair:5   | Found a one-way gate to the infinite horrors of the Abyss.
 16130 | Lair:5   | Got the Treatise on the Injurious Wind
 16334 | Lair:5   | Reached skill level 10 in Stealth
 16574 | Lair:5   | Got an earthy gem with 2167 turns to spare
 16718 | Lair:5   | Found a staircase to the Slime Pits.
 18086 | Lair:3   | Noticed Prince Ribbit
 18105 | Lair:3   | Killed Prince Ribbit
 18178 | Lair:3   | Reached XP level 15. HP: 113/120 MP: 15/15
 18401 | Lair:3   | Noticed Gastronok
 18429 | Lair:3   | Killed Gastronok
 18815 | Lair:3   | Lost the earthy gem through the power of Zot.
 19297 | Lair:2   | Identified the +7 ring mail "Womoom" {*Slow rF+ rCorr
                  | Dex+4}
 19601 | Lair:2   | Found a staircase to the Swamp.
 20064 | Lair:1   | Noticed Harold
 20126 | Lair:1   | Killed Harold
 21041 | Orc:2    | Found Sivank's Book Shoppe.
 21041 | Orc:2    | Found Keisaib's Jewellery Boutique.
 21042 | Orc:2    | Found Fufigh's Antique Armour Boutique.
 21042 | Orc:2    | Found Subooc's Assorted Antiques.
 21098 | Orc:2    | Bought a potion of heal wounds for 135 gold pieces
 21098 | Orc:2    | Bought a scroll of fog for 108 gold pieces
 21126 | Orc:2    | Found Rubidos's Jewellery Emporium.
 21307 | Orc:2    | Bought the +2 pair of slick slippers {slick, slippery,
                  | EV+4} for 486 gold pieces
 21307 | Orc:2    | Found the +2 pair of slick slippers {slick, slippery, EV+4}
 21339 | Orc:2    | Upgraded the game from 0.32-a0-861-g165e151e72 to
                  | 0.32-a0-870-g877066f4b4
 21690 | D:13     | Reached skill level 10 in Armour
 21942 | D:13     | Identified the +7 scale mail of the Dice {^Drain rC+++ rN+
                  | Dex+3}
 22335 | D:13     | Found a gate to the Vaults.
 22414 | D:13     | Found an ancient bone altar of Kikubaaqudgha.
 22867 | D:13     | Gained mutation: You have a pair of large horns on your
                  | head. [demonic ancestry]
 22867 | D:13     | Reached XP level 16. HP: 131/131 MP: 16/16
 22923 | D:13     | Paralysed by a vampire knight for 3 turns
 23075 | D:13     | Found a basalt altar of Yredelemnul.
 24092 | D:15     | Found a radiant altar of Vehumet.
 24126 | D:15     | Noticed Nessos
 24136 | D:15     | Nessos changed into Nessos the jumping spider
 24136 | D:15     | Noticed Nessos
 24145 | D:15     | Killed Nessos the jumping spider
 24476 | D:15     | Found a staircase to the Depths.
 24664 | D:15     | Slain by Agnes

Illustrated notes

Levels and vault maps discovered:
D:1:      ldierk_walled_garden_2, layout_loops_ring
D:2:      layout_loops_ring, basic_altar
D:3:      layout_basic, fedhas_altar_2, serial_shops, shop, shop, shop, shop,
          dk_noncrumbling_4
D:4:      layout_loops_cross
D:5:      layout_layer_cave
D:6:      layout_basic, minmay_temple_entry_statues_fountains,
          lexackson_kobold_supper
D:7:      layout_layer_cave, mainiacjoe_overflow_two_lobes
D:8:      layout_basic, nicolae_dithmenos_through_a_glass_darkly,
          gammafunk_ghost_ooze, minmay_hollow_rounded_squares
D:9:      layout_roguey
D:10:     layout_irregular_city, orc_0_dummy, nicolae_figureground_sparkle
D:11:     layout_loops_ring, hellmonk_lair_entry_icy,
          gammafunk_ghost_stat_death, minmay_librarian
D:12:     minmay_the_grid_triangle_9x9_rhombus_thin
          [minmay_the_grid_triangle_9x9_corrupted_corridor,
          minmay_the_grid_triangle_9x9_prize_special,
          minmay_the_grid_triangle_9x9_semitri,
          minmay_the_grid_triangle_9x9_tough_junction], layout_rooms
D:13:     lemuel_vampire_tower, layout_cave_pools, erik_vaults_2, serial_glass,
          glass_columns_c, glass_columns_a, glass_columns_a, glass_columns_b,
          glass_columns_b, glass_columns_c, yredelemnul_forgotten_temple_becter
D:14:     layout_cave_pods, lightli_minifort
D:15:     grunt_enter_depths_giant_problem, layout_small_grid,
          gammafunk_ghost_cemetery, nicolae_vehumet_radiance, minmay_liquid_box,
          uniq_nessos, uniq_agnes
Temple:   hc_temple_tempest_star
Lair:1:   layout_chaotic_city, serial_bayou_shore_a, uniq_harold
Lair:2:   wad_woods_minihive, layout_regular_city, palyth_hydra_swamp_entry,
          minmay_snake_entry_guardpost_small, dreamdust_gnoll_shepherd,
          uniq_fannar
Lair:3:   layout_hall_layers, infiniplex_staircase_pool, grunt_megastairs_2,
          uniq_prince_ribbit2, uniq_gastronok
Lair:4:   layout_roguey, portal_ice_cave_rime, nzn_random_ring,
          lemuel_fruit_tree
Lair:5:   hellmonk_lair_end_abyssal_woods, layout_big_grid,
          minmay_slime_entry_pillars
Orc:1:    layout_diamond_mine
Orc:2:    st_orc_ogre_mass, layout_caves, serial_shops,
          nicolae_shop_gaudy_bauble

Skill      XL: |  1  2  3  4  5  6  7  8  9 10 11 12 13 14 15 16 |
---------------+-------------------------------------------------+-----
Staves         | 1 2 3 4 5 6 8 10 12 14 | 14.0
Fighting       | 2 3 4 5 8 10 11 13 14 | 14.1
Dodging        | 2 4 6 7 9 10 12 13 | 13.9
Armour         | 3 6 7 8 9 10 | 10.6
Stealth        | 2 6 8 10 12 | 12.6
Short Blades   | |  1.0
Ranged Weapons | |  2.7

Action                     |  1- 3 |  4- 6 |  7- 9 | 10-12 | 13-15 | 16-18 || total
---------------------------+-------+-------+-------+-------+-------+-------++-------
  Melee: Lajatang          |   116 |   125 |   251 |   587 |  1354 |   237 ||  2670
         Headbutt          |       |       |    50 |   148 |   378 |    86 ||   662
         Short sword       |       |       |       |       |    25 |       ||    25
   Fire: Sling             |     6 |       |       |       |       |       ||     6
  Throw: Throwing net      |       |       |       |     5 |     3 |     3 ||    11
 Invoke: Potion Petition   |       |       |       |     1 |     6 |       ||     7
         Call Merchant     |       |       |       |     1 |     4 |       ||     5
  Evoke: Wand              |       |     1 |       |     6 |    10 |     2 ||    19
         Box of beasts     |       |       |       |       |     1 |       ||     1
    Use: Scroll            |     7 |     4 |     5 |    11 |    12 |     4 ||    43
         Potion            |       |     8 |     1 |     6 |     7 |     1 ||    23
   Stab: Sleeping          |     5 |     6 |    20 |    29 |    39 |     5 ||   104
         Invisible         |       |       |     6 |     2 |     3 |       ||    11
         Distracted        |       |       |     1 |    13 |    31 |     8 ||    53
         Held in net/web   |       |       |       |     4 |     2 |     1 ||     7
 Armour: Ring mail         |    83 |    81 |   160 |   293 |   651 |       ||  1268
         Robe              |     3 |       |       |       |       |       ||     3
         Skin              |       |     1 |       |       |       |       ||     1
         Scale mail        |       |       |       |       |    37 |   100 ||   137
  Dodge: Dodged            |    76 |    96 |   204 |   474 |  1337 |   174 ||  2361

Table legend: (Time is in decaauts)
 A = Elapsed time spent in this place.
 B = Non-inter-level travel time spent in this place.
 C = Inter-level travel time spent in this place.
 D = Time resting spent in this place.
 E = Time spent auto-exploring this place.
 F = Levels seen in this place.
 G = Mean time per level.
                   A        B        C        D        E       F      G
               +--------+--------+--------+--------+--------+-----+--------+
         Total |  24138 |  22592 |   1546 |   1278 |  13059 |  24 | 1005.8 |
       Dungeon |  16209 |  15087 |   1122 |    855 |   9520 |  15 | 1080.6 |
        Temple |     14 |     14 |      0 |      0 |      0 |   1 |   14.0 |
          Lair |   5454 |   5165 |    289 |     55 |   2673 |   5 | 1090.8 |
  Orcish Mines |   2040 |   1906 |    134 |    345 |    829 |   2 | 1020.0 |
      Ice Cave |    420 |    420 |      0 |     23 |     37 |   1 |  420.0 |
               +--------+--------+--------+--------+--------+-----+--------+

Top non-repeatable levels by time:
    D:13: 2024 daAuts
     D:7: 1487 daAuts
     D:5: 1352 daAuts
    D:12: 1248 daAuts
  Lair:5: 1246 daAuts
  Lair:4: 1194 daAuts
    D:11: 1186 daAuts
  Lair:2: 1183 daAuts
    D:10: 1177 daAuts
     D:8: 1139 daAuts
     D:6: 1047 daAuts
   Orc:1: 1020 daAuts
    D:14: 1020 daAuts
   Orc:2: 1019 daAuts
  Lair:3: 1010 daAuts
